 Dungeon Crawl Stone Soup version 0.31-a0-430-gf8416d752b (webtiles) character file.

Game seed: 7219793633916026638

17 Grim the Gusty (level 2, -2/15 HPs)
             Began as a Tengu Air Elementalist on July 31, 2023.
             Slain by an adder (4 damage)
             ... on level 2 of the Dungeon.
             The game lasted 00:03:06 (1117 turns).

Grim the Gusty (Tengu Air Elementalist)             Turns: 1117, Time: 00:03:08

Health: -2/15      AC:  2    Str:  8    XL:     2   Next: 62%
Magic:  0/6        EV: 12    Int: 15    God:
Gold:   43         SH:  0    Dex: 14    Spells: 2/5 levels left

rFire   . . .        (no weapon)
rCold   . . .        (no shield)
rNeg    . . .        a - +0 robe
rPois   .            (helmet restricted)
rElec   .            (no cloak)
rCorr   .            (no gloves)
SInv    .            (boots unavailable)
Will    .....        e - amulet of regeneration
Stlth   ++           (no ring)
HPRegen 1.02/turn    (no ring)
MPRegen 0.10/turn

%: no passive effects
@: lethally poisoned (-2 -> -2)
A: beak, talons 3
a: no special abilities


You were on level 2 of the Dungeon.
You visited 1 branch of the dungeon, and saw 2 of its levels.

You collected 43 gold pieces.

Inventory:

Missiles
 f - 5 atropa-tipped darts (quivered)
 j - 4 boomerangs
Armour
 a - a +0 robe (worn)
 d - a +0 pair of gloves
Jewellery
 e - an amulet of regeneration (around neck)
Scrolls
 c - a scroll of vulnerability {unknown}
 h - 3 scrolls of identify {unknown}
Potions
 b - a potion of magic
 g - a potion of lignification {unknown}
 i - 2 potions of curing {unknown}


   Skills:
 - Level 2.1 Dodging
 - Level 2.0 Stealth
 - Level 2.0 Spellcasting
 + Level 2.5 Conjurations
 + Level 4.6 Air Magic


You had 2 spell levels left.
You knew the following spells:

 Your Spells              Type           Power      Damage    Failure   Level
a - Shock                 Conj/Air       48%        1d6       4%          1
b - Static Discharge      Conj/Air       24%        2-3/arc   8%          2

Your spell library contained the following spells:

 Spells                   Type           Power      Damage    Failure   Level
 Swiftness                Air            15%        N/A       10%         3
 Airstrike                Air            7%         2d(2-18)  32%         4


Dungeon Overview and Level Annotations

Branches:
Dungeon (2/15)

Altars:
Elyvilon

Shops:
D:1 [


Innate Abilities, Weirdness & Mutations

You have a beak for a mouth.
You have claws for feet.


Message History

Casting: Shock (safe; 4% risk of failure)
Confirm with . or Enter, or press ? or * to list all spells.
Aiming: Shock (safe; 4% risk of failure)
Press: ? - help, Shift-Dir - straight line, f/p - adder
Aim: an adder (severely wounded, 48% to hit)
The zap misses the adder.
Casting: Shock (safe; 4% risk of failure)
Confirm with . or Enter, or press ? or * to list all spells.
Aiming: Shock (safe; 4% risk of failure)
Press: ? - help, Shift-Dir - straight line, f/p - adder
Aim: an adder (severely wounded, 48% to hit)
The zap hits the adder.
The adder is almost dead.
The adder bites you.
You are poisoned.
The adder poisons you!
Casting: Shock (safe; 4% risk of failure)
Confirm with . or Enter, or press ? or * to list all spells.
Aiming: Shock (safe; 4% risk of failure)
Press: ? - help, Shift-Dir - straight line, f/p - adder
Aim: an adder (almost dead, 48% to hit)
The zap misses the adder.
You feel sick. The adder bites you. x2
* * * LOW HITPOINT WARNING * * *
You are more poisoned.
The adder poisons you!
You feel sick.
You feel sick.
You feel sick. The adder bites you.
* * * LOW HITPOINT WARNING * * *
There is an open door here.
The adder attacks as you move away! The adder closely misses you.
You feel sick.
You see here a rat corpse.
You feel sick.
Casting: Shock (safe; 4% risk of failure)
Confirm with . or Enter, or press ? or * to list all spells.
Aiming: Shock (safe; 4% risk of failure)
Press: ? - help, Shift-Dir - straight line, p - adder The zap misses the adder. x2; You feel sick.
The adder bites you.
You die...

#...........# ..
............# ...
...........##....
#####.#................
#.....# #...†....>...
######.....+ #...........J
<......)...######'###.....#.
#.............###S###.....#
#†.)..#.......'.@...#.....#
......#.......#######.....#
..............# .....#
.......###'#### .....#
.......#.........# .....#
######.#.........#
##.....#.........#
.+.....#.........#
##.....#.........#


You could see an adder.

Vanquished Creatures
  2 bats
  4 goblins
  A jackal (D:1)
  2 kobolds (D:1)
  2 quokkas
  A ball python (D:1)
  3 rats (D:2)
15 creatures vanquished.

Notes
Turn   | Place    | Note
-------+----------+-------------------------------------------
     0 | D:1      | Grim the Tengu Air Elementalist began the quest for the
                  | Orb.
     0 | D:1      | Reached XP level 1. HP: 10/10 MP: 4/4
   386 | D:1      | Reached XP level 2. HP: 15/15 MP: 0/6
   441 | D:1      | Learned a level 2 spell: Static Discharge
   578 | D:1      | Found Hypid's Antique Armour Emporium.
   963 | D:2      | Found a white marble altar of Elyvilon.
  1117 | D:2      | Slain by an adder

Illustrated notes

Levels and vault maps discovered:
D:1:      dpeg_arrival_renting, layout_rooms, serial_shops, shop, st_stairs_9,
          serial_bayou_lagoon_a
D:2:      layout_basic, basic_altar

Skill      XL: |  1 |
---------------+----+-----
Conjurations   | 2 |  2.5
Dodging        | |  2.1
Stealth        | |  2.0
Spellcasting   | |  2.0
Air Magic      | |  4.6

Action                     || total
---------------------------++-------
   Cast: Shock             ||    38
 Armour: Robe              ||     2
  Dodge: Dodged            ||     5

Table legend: (Time is in decaauts)
 A = Elapsed time spent in this place.
 B = Non-inter-level travel time spent in this place.
 C = Inter-level travel time spent in this place.
 D = Time resting spent in this place.
 E = Time spent auto-exploring this place.
 F = Levels seen in this place.
 G = Mean time per level.
                   A        B        C        D        E       F      G
               +--------+--------+--------+--------+--------+-----+--------+
         Total |   1128 |   1082 |     46 |    290 |    653 |   2 |  564.0 |
       Dungeon |   1128 |   1082 |     46 |    290 |    653 |   2 |  564.0 |
               +--------+--------+--------+--------+--------+-----+--------+

Top non-repeatable levels by time:
     D:1: 974 daAuts
     D:2: 153 daAuts
